 Dungeon Crawl Stone Soup version 0.25-a0-731-g0472a16d6a (webtiles) character file.

Game seed: 17288762658075770132, levelgen mode: deterministic

105 kae the Gusty (level 4, -2/24 HPs)
             Began as a Tengu Air Elementalist on Apr 8, 2020.
             Slain by an adder (4 damage)
             ... on level 2 of the Dungeon.
             The game lasted 00:01:16 (1339 turns).

kae the Gusty (Tengu Air Elementalist)              Turns: 1339, Time: 00:01:17

Health: -2/24      AC:  2    Str:  8    XL:     4   Next: 83%
Magic:  0/9        EV: 15    Int: 18    God:
Gold:   152        SH:  0    Dex: 15    Spells: 7/8 levels left

rFire    . . .     SeeInvis .   (no weapon)
rCold    . . .     Gourm    .   (no shield)
rNeg     . . .     Faith    .   a - +0 robe
rPois    .         Spirit   .   (helmet restricted)
rElec    .         Reflect  .   (no cloak)
rCorr    .         Harm     .   (no gloves)
MR       .....                  (boots unavailable)
Stlth    ++........             (no amulet)
HPRegen  0.48/turn              (no ring)
MPRegen  0.11/turn              (no ring)

@: lethally poisoned (-2 -> -2), stab, flying quickly and evasively, very
slightly contaminated, hasted, very quick
A: beak, talons 3, clever 1, regeneration 1, wild magic 1
a: no special abilities


You were on level 2 of the Dungeon.
You were not hungry.

You visited 1 branch of the dungeon, and saw 2 of its levels.

You collected 152 gold pieces.

Inventory:

Armour
 a - a +0 robe (worn)
Jewellery
 g - a +4 ring of dexterity
Scrolls
 d - 2 scrolls of identify {unknown}
 e - a scroll of enchant armour {unknown}
 i - a scroll of enchant weapon {unknown}
 j - 2 scrolls of magic mapping {unknown}
 k - a scroll of immolation {unknown}
 l - a scroll of noise {unknown}
Potions
 b - a potion of stabbing
Comestibles
 c - 7 rations


   Skills:
 - Level 2.1 Dodging
 - Level 2.0 Stealth
 + Level 2.8 Spellcasting
 * Level 4.2 Conjurations
 + Level 4.9 Air Magic


You had 7 spell levels left.
You knew the following spells:

 Your Spells              Type           Power        Failure   Level  Hunger
a - Shock                 Conj/Air       ###.         4%          1    None

Your spell library contained the following spells:

 Spells                   Type           Power        Failure   Level  Hunger
 Static Discharge         Conj/Air       ###.....     12%         3    ###....
 Swiftness                Chrm/Air       ##......     13%         2    ##.....
 Airstrike                Air            ####......   30%         4    ####...
 Lightning Bolt           Conj/Air       ###.......   65%         5    ######.


Dungeon Overview and Level Annotations

Branches:
Dungeon (2/15)

Altars:


Innate Abilities, Weirdness & Mutations

You have a beak for a mouth.
You have claws for feet.
Your mind is acute. (Int +2)
Your natural rate of healing is unusually fast.
Your spells are a little harder to cast, but a little more powerful.


Message History

Aiming: Shock (safe; 4% risk of failure)
Press: ? - help, Shift-Dir - straight line, f/p - adder
Aim: an adder (almost dead)
The zap misses the adder.
The adder bites you but does no damage. The adder bites you.
* * * LOW HITPOINT WARNING * * *
You hit the adder but do no damage. Your peck misses the adder.
The adder is almost dead.
The adder bites you.
* * * LOW HITPOINT WARNING * * *
You are more poisoned.
The adder poisons you! The adder barely misses you.
You miss the adder.
The adder is almost dead.
You feel sick. The adder closely misses you.
You hit the adder.
You kill the adder!
The adder barely misses you. The adder bites you.
You die...

#........#
###......##....### #.
.........#
##....[.##..##...# #.
.....†...#
#......###...###.# #.
.........#
#'#......###...### #.
##.......#
#.###......###...# #.
#.......#
#)†.###......###.# ##
#.......#
##....###......#'# ##
#.......#
#..#....###......###.
#.......#
#.##@##...###......#.
##......# #.#(S#
#...###..#...
######## ###### ##
####.#. #.#< #.##
#... ###. #. ##


You could see an adder.

Vanquished Creatures
  An orc wizard (D:2)
  3 adders (D:2)
  3 leopard geckos
  3 orcs (D:2)
  3 giant cockroaches (D:2)
  5 goblins
  5 hobgoblins
  A quokka (D:2)
  4 bats (D:2)
  3 frilled lizards (D:2)
  7 kobolds
  4 rats (D:2)
42 creatures vanquished.

Notes
Turn   | Place    | Note
-------+----------+-------------------------------------------
     0 | D:1      | kae the Tengu Air Elementalist began the quest for the Orb.
     0 | D:1      | Reached XP level 1. HP: 10/10 MP: 4/4
   265 | D:1      | Reached XP level 2. HP: 15/15 MP: 4/6
   700 | D:2      | Reached XP level 3. HP: 19/19 MP: 1/7
   711 | D:2      | Gained mutation: Your mind is acute. (Int +2) [potion of
                  | mutation]
   711 | D:2      | Gained mutation: Your natural rate of healing is unusually
                  | fast. [potion of mutation]
   711 | D:2      | Gained mutation: Your spells are a little harder to cast,
                  | but a little more powerful. [potion of mutation]
   803 | D:2      | Reached XP level 4. HP: 24/24 MP: 4/8
  1339 | D:2      | Slain by an adder

Levels and vault maps discovered:
D:1:      minmay_arrival_nine_rooms, layout_rooms, chequers_decorated_corner,
          minmay_pentomino_t2
D:2:      minmay_razor_zed, layout_basic, first_ration, uniq_crazy_yiuf_cottage

Skill      XL: |  1  2  3  4 |
---------------+-------------+-----
Conjurations   | 2 3 4 |  4.2
Dodging        | |  2.1
Stealth        | |  2.0
Spellcasting   | |  2.8
Air Magic      | |  4.9

Action                   |  1- 3 |  4- 6 || total
-------------------------+-------+-------++-------
Melee: Unarmed           |    24 |    15 ||    39
       Kick              |     2 |     2 ||     4
       Peck              |     3 |     2 ||     5
 Cast: Shock             |    37 |    38 ||    75
  Use: Potion            |     2 |     3 ||     5
 Stab: Sleeping          |     1 |       ||     1
  Eat: Chunk             |       |     2 ||     2
Armor: Robe              |     1 |     3 ||     4
       Skin              |    15 |       ||    15
Dodge: Dodged            |     7 |    24 ||    31

Table legend:
 A = Non-vault XP
 B = Vault XP
 C = Vault XP percentage of total XP
 D = Non-vault monster count
 E = Vault monster count
 F = Vault count percentage of total count
                 A         B        C        D         E       F
            +---------+---------+-------+---------+---------+-------
      Total |     118 |      33 |  21.9 |      29 |      13 |  31.0
            +---------+---------+-------+---------+---------+-------
        D:1 |      13 |       2 |  13.3 |       7 |       1 |  12.5
        D:2 |     105 |      31 |  22.8 |      22 |      12 |  35.3
            +---------+---------+-------+---------+---------+-------
